 Dungeon Crawl Stone Soup version 0.31-a0-83-gbff143cfd1 (webtiles) character file.

Game seed: 14566443906151643246

597505 vineage the Phalangite (level 26, -9/179 HPs)
             Began as a Gargoyle Fighter on May 24, 2023.
             Was the Champion of the Shining One.
             Mangled by a white draconian
             ... wielding a +0 battleaxe
             ... created by the fury of Okawaru
              (14 damage)
             ... on level 1 of the Depths.
             The game lasted 01:54:10 (58290 turns).

vineage the Phalangite (Gargoyle Fighter)          Turns: 58290, Time: 01:54:10

Health: -9/179     AC: 66    Str: 35      XL:     26   Next: 52%
Magic:  20/31      EV: 12    Int:  9 (12) God:    the Shining One [******]
Gold:   4865       SH: 39    Dex: 28      Spells: 25/25 levels left

rFire   + . .        Z - +8 trishula "Condemnation" {holy, anguish, *Noise Fly rN+}
rCold   + . .        r - +8 tower shield {AC+3}
rNeg    + + +        o - +10 crystal plate armour of Gafru {Str+3 Dex+3}
rPois   ∞            p - +2 hat {Will+}
rElec   +            Q - +1 cloak of Hangman {rPois rN+ SInv}
rCorr   +            E - +2 pair of gloves {Stlth+}
SInv    +            c - +2 pair of boots of Okawaru's Condemnation {Contam rF+ Str+10 Stlth+}
Will    ++...        k - amulet of reflection Stlth
                     O - ring of Eternal Night {Int+3 Dex+6}
HPRegen 0.49/turn    a - ring of Urax {rF+ rN+ rCorr}
MPRegen 0.22/turn

%: reflection
@: flying, glowing, studying Axes
A: sickness immunity, AC +20, big wings, negative energy resistance 1,
electricity resistance, torment resistance 1, petrification resistance, see
invisible, agile 1, cold resistance 1, deformed body, weak 1, heat vulnerability
1
}: 5/15 runes: serpentine, barnacled, slimy, silver, abyssal
a: Renounce Religion, Divine Shield, Cleansing Flame, Summon Divine Warrior,
Brand Weapon With Holy Wrath


You were on level 1 of the Depths.
You worshipped the Shining One.
The Shining One was exalted by your worship.
You visited 11 branches of the dungeon, and saw 48 of its levels.
You visited the Abyss 8 times.
You also visited: Gauntlet, Ice Cave, Volcano, Wizlab and Desolation.

You collected 8359 gold pieces.
You spent 3494 gold pieces at shops.

Inventory:

Hand Weapons
 Z - the +8 trishula "Condemnation" (weapon) {holy, anguish, *Noise Fly rN+}
   (You bought it in a shop on level 2 of the Snake Pit)

   rN:        It protects you from negative energy.
   Fly:       It grants you flight.
   *Noise:    It may make noises in combat.
Missiles
 t - 3 throwing nets (quivered)
Armour
 c - the +2 pair of boots of Okawaru's Condemnation (worn) {Contam rF+ Str+10 Stlth+}
   (Okawaru gifted it to you on level 4 of the Lair of Beasts)

   Str:       It affects your strength (+10).
   rF:        It protects you from fire.
   Contam:    It causes magical contamination when unequipped.
   Stlth:     It makes you more stealthy.
 l - a +1 helmet of see invisible
 o - the +10 crystal plate armour of Gafru (worn) {Str+3 Dex+3}
   (You acquired it on level 3 of the Snake Pit)

   Str:       It affects your strength (+3).
   Dex:       It affects your dexterity (+3).
 p - a +2 hat of willpower (worn)
 r - a +8 tower shield of protection (worn)
 E - a +2 pair of gloves of stealth (worn)
 Q - the +1 cloak of Hangman (worn) {rPois rN+ SInv}
   (You found it in the Desolation of Salt)

   rPois:     It protects you from poison.
   rN:        It protects you from negative energy.
   SInv:      It lets you see invisible.
Jewellery
 a - the ring of Urax (right hand) {rF+ rN+ rCorr}
   (You bought it in a shop on level 3 of the Elven Halls)

   [ring of protection from fire]

   rF:        It protects you from fire.
   rN:        It protects you from negative energy.
   rCorr:     It protects you from acid and corrosion.
 k - an amulet of reflection (around neck)
 s - a ring of willpower
 C - a +6 ring of dexterity
 I - an amulet of guardian spirit
 L - the amulet of Coronation {Acrobat +Blink Int+3}
   (You found it on level 5 of the Pits of Slime)

   [amulet of the acrobat]

   It increases your evasion while moving and waiting.
   Int:       It affects your intelligence (+3).
   +Blink:    It lets you blink.
 N - a ring of protection from cold
 O - the ring of Eternal Night (left hand) {Int+3 Dex+6}
   (You found it in a Gauntlet)

   [ring of dexterity]

   Int:       It affects your intelligence (+3).
   Dex:       It affects your dexterity (+6).
Wands
 f - a wand of roots (17)
 j - a wand of paralysis (27)
 y - a wand of flame (19)
 P - a wand of mindburst (29)
 T - a wand of digging (24)
Scrolls
 b - 4 scrolls of enchant armour
 m - 10 scrolls of immolation
 n - 2 scrolls of magic mapping
 u - 5 scrolls of silence
 v - 2 scrolls of blinking
 w - 7 scrolls of brand weapon
 x - 11 scrolls of amnesia
 B - 6 scrolls of fog
 G - 6 scrolls of fear
 H - 8 scrolls of teleportation
 M - 7 scrolls of poison
 R - 2 scrolls of torment
 V - 5 scrolls of enchant weapon
 X - a scroll of noise
Potions
 d - 7 potions of might
 e - 6 potions of attraction
 g - 6 potions of enlightenment
 h - 16 potions of curing
 i - a potion of berserk rage
 q - 7 potions of cancellation
 z - 8 potions of mutation
 A - 7 potions of magic
 D - 6 potions of ambrosia
 F - 9 potions of haste
 J - 5 potions of heal wounds
 K - 3 potions of invisibility
 S - 2 potions of resistance
 Y - 4 potions of brilliance


   Skills:
 + Level 22.1 Fighting
 - Level 18.5 Maces & Flails
 + Level 22.9 Polearms
 + Level 21.3 Armour
 - Level 5.4 Dodging
 + Level 21.3 Shields
 - Level 11.0 Invocations


You had 25 spell levels left.
You didn't know any spells.
Your spell library contained the following spells:

 Spells                   Type           Power      Damage    Failure   Level
 Apportation              Tloc           0%         N/A       98%         1
 Beastly Appendage        Tmut           0%         N/A       98%         1
 Freeze                   Ice            0%         1d3       98%         1
 Kiss of Death            Conj/Necr      0%         2d5       98%         1
 Necrotise                Necr           0%         1d4       98%         1
 Sandblast                Erth           0%         2d4       98%         1
 Slow                     Hex            0%         N/A       98%         1
 Sting                    Tmut/Pois      0%         1d3       98%         1
 Summon Small Mammal      Summ           0%         N/A       98%         1
 Blink                    Tloc           0%         N/A       99%         2
 Lesser Beckoning         Tloc           0%         N/A       99%         2
 Momentum Strike          Conj/Tloc      0%         3d8       99%         2
 Passwall                 Tmut/Erth      0%         N/A       99%         2
 Poisonous Vapours        Pois/Air       0%         N/A       99%         2
 Static Discharge         Conj/Air       0%         2-2/arc   99%         2
 Wereblood                Tmut           0%         N/A       99%         2
 Call Canine Familiar     Summ           0%         N/A       100%        3
 Confusing Touch          Hex            0%         N/A       100%        3
 Dazzling Flash           Conj/Hex       0%         N/A       100%        3
 Frozen Ramparts          Ice            0%         1d1       100%        3
 Gell's Gravitas          Tloc           0%         N/A       100%        3
 Hailstorm                Conj/Ice       0%         3d3       100%        3
 Ignite Poison            Fire/Tmut/Pois 0%         N/A       100%        3
 Inner Flame              Hex/Fire       0%         N/A       100%        3
 Portal Projectile        Hex/Tloc       0%         N/A       100%        3
 Spider Form              Tmut/Pois      0%         N/A       100%        3
 Stone Arrow              Conj/Erth      0%         3d7       100%        3
 Summon Guardian Golem    Hex/Summ       0%         N/A       100%        3
 Teleport Other           Tloc           0%         N/A       100%        3
 Vampiric Draining        Necr           0%         2d6       100%        3
 Vhi's Electric Charge    Tloc/Air       0%         N/A       100%        3
 Volatile Blastmotes      Fire/Tloc      0%         2d10      100%        3
 Anguish                  Hex/Necr       0%         N/A       100%        4
 Cause Fear               Hex            0%         N/A       100%        4
 Fulminant Prism          Conj/Hex       0%         3d5       100%        4
 Ice Form                 Ice/Tmut       0%         N/A       100%        4
 Iskenderun's Mystic Bla  Conj/Tloc      0%         2d3       100%        4
 Leda's Liquefaction      Hex/Erth       0%         N/A       100%        4
 Olgreb's Toxic Radiance  Pois           0%         N/A       100%        4
 Petrify                  Tmut/Erth      0%         N/A       100%        4
 Sticky Flame             Conj/Fire      0%         2d3       100%        4
 Alistair's Intoxication  Tmut/Pois      0%         N/A       100%        5
 Arcjolt                  Conj/Air       0%         1d10      100%        5
 Borgnjor's Vile Clutch   Necr/Erth      0%         N/A       100%        5
 Freezing Cloud           Conj/Ice/Air   0%         6-21      100%        5
 Irradiate                Conj/Tmut      0%         3d11      100%        5
 Iskenderun's Battlesphe  Conj           0%         2d6       100%        5
 Conjure Ball Lightning   Conj/Air       0%         3x3d6     100%        6
 Dispersal                Tloc           0%         N/A       100%        6
 Eringya's Noxious Bog    Tmut/Pois      0%         N/A       100%        6
 Iron Shot                Conj/Erth      0%         9d1       100%        6
 Plasma Beam              Fire/Air       0%         2x1d11    100%        6
 Simulacrum               Ice/Necr       0%         N/A       100%        6
 Starburst                Conj/Fire      0%         6d3       100%        6
 Enfeeble                 Hex            0%         N/A       100%        7
 Orb of Destruction       Conj           0%         9d5       100%        7
 Ozocubu's Refrigeration  Ice            0%         4d7       100%        7
 Spellforged Servitor     Conj/Summ      0%         N/A       100%        7
 Summon Hydra             Summ           0%         N/A       100%        7
 Discord                  Hex            0%         N/A       100%        8
 Disjunction              Tloc           0%         N/A       100%        8
 Ignition                 Fire           0%         3d3       100%        8
 Polar Vortex             Ice            0%         N/A       100%        9
 Cigotuvi's Dreadful Rot  Necr/Pois/Air  Unusable   N/A       N/A         2
 Sublimation of Blood     Necr           Unusable   N/A       N/A         2

Dungeon Overview and Level Annotations

Branches:
Dungeon (15/15)            Temple (1/1) D:5            Lair (5/5) D:11
 Shoals (4/4) Lair:2        Snake (4/4) Lair:3        Slime (5/5) Lair:4
    Orc (2/2) D:10            Elf (3/3) Orc:2        Vaults (5/5) D:14
  Crypt (3/3) Vaults:2       Tomb (0/3) Crypt:3      Depths (1/4) D:15
  IceCv (visited)         Volcano (visited)          WizLab (visited)
Desolation (visited)      Gauntlet (visited)

Altars:
Ashenzari
Cheibriados
Dithmenos
Elyvilon
Fedhas
Gozag
Hepliaklqana
Kikubaaqudgha
Makhleb
Nemelex Xobeh
Okawaru
Qazlal
Ru
Sif Muna
Trog
Uskayaw
Vehumet
Wu Jian
Xom
Yredelemnul
Zin
The Shining One
Jiyva
Lugonu

Shops:
D:3 =   D:8 *[[   D:9 *   Orc:2 [[(*   Elf:1 ==[==   Elf:3 =::   Snake:2 (((
Vaults:1 !!   Vaults:2 *   Vaults:3 *   Vaults:5 !

Portals:
Abyss: Slime:3
Trove: D:13 (give 8 scrolls of blinking)

Annotations:
D:3 2 transporters
D:12 exclusion: 2 oklob plants
Snake:1 1 transporter


Innate Abilities, Weirdness & Mutations

You are immune to sickness and miasma.
Your stone body is resilient. (AC +20)
You are immune to poison.
Your large and strong wings let you fly.
You resist negative energy. (rN+)
You are resistant to electric shocks. (rElec)
You are resistant to unholy torment.
You are immune to petrification.
You have supernaturally acute eyesight. (SInv)
You are agile. (Dex +4, Str/Int -1)
Your flesh is cold resistant. (rC+)
Armour fits poorly on your strangely shaped body.
You are weak. (Str -2)
You are vulnerable to heat. (rF-)


Message History

The white draconian is smitten.
The frost giant hits you with a +2 battleaxe of freezing.
* * * LOW HITPOINT WARNING * * *
Your daeva blocks the frost giant's attack.
The hell knight completely misses your daeva.
You spit the hell knight like a pig!!!
You kill the hell knight!
The Shining One accepts your kill.
You feel better.
You feel your power returning.
The hell knight utters an invocation to its god.
The hell knight blinks!
You hit the hell knight but do no damage.
Your daeva completely misses the frost giant.
Your daeva hits the frost giant with a +2 scimitar of holy wrath.
You block the white draconian's attack. You block the frost giant's attack.
The frost giant hits your daeva with a +2 battleaxe of freezing!!
The frost giant freezes your daeva! The hell knight misses you.
You impale the hell knight!!
The hell knight is haunted by guilt!
The hell knight is moderately wounded.
The hell knight is no longer haunted by guilt.
Your daeva hits the frost giant with a +2 scimitar of holy wrath. x2
The frost giant hits your daeva with a +2 battleaxe of freezing!
The frost giant freezes your daeva. You block the frost giant's attack.
The hell knight hits you with a +2 demon whip of flaming!
* * * LOW HITPOINT WARNING * * *
The hell knight burns you.
* * * LOW HITPOINT WARNING * * *
The hell knight is wracked by anguish!
You hit the hell knight.
The hell knight is heavily wounded.
You puncture the hell knight!
The hell knight is severely wounded.
You block the hell knight's attack.
The frost giant points at you and mumbles some strange words.
The bolt of cold hits you!! You resist.
* * * LOW HITPOINT WARNING * * *
Your daeva hits the frost giant with a +2 scimitar of holy wrath.
Your daeva hits the frost giant but does no damage.
The white draconian hits you with a +0 battleaxe!
You die...

# ..#
##############...#
#@d.p.p...........
#pC..p........^...
#A..........>.....
###########...####
...# ...# .....
.?... ......


You could see a frost giant, a white draconian (distracted, ally target,
anguished), 3 hell knights, a necromancer and a friendly daeva (summoned).

Vanquished Creatures
  the Royal Jelly (Slime:5)
  A dread lich (Vaults:5)
  An ancient lich (Vaults:5)
  A juggernaut (Abyss:3)
  Vashnia (Snake:2)
  A bone dragon (Abyss:3)
  Jory (Crypt:1)
  4 liches
  4 tentacled monstrosities
  5 deep elf blademasters
  Mlioglotl (Snake:2)
  Asterion (Vaults:2)
  7 deep elf master archers
  12 titans
  27 acid blobs
  4 ancient champions
  Polyphemus (Shoals:2)
  A quicksilver dragon (WizLab)
  4 sphinxes
  An Executioner (Abyss:3)
  4 tengu reavers
  5 tentacled starspawn
  Agnes (Snake:1)
  5 shadow dragons (Vaults:5)
  Ilsuiw (Shoals:2)
  3 storm dragons (Vaults:5)
  19 rockslimes
  Donald (Shoals:2)
  6 revenants
  A fire giant (shapeshifter) (Vaults:5)
  7 fire giants
  5 nagarajas
  23 azure jellies
  11 deep elf sorcerers
  An iron dragon (Vaults:5)
  A balrug (Abyss:4)
  An imperial myrmidon (Desolation)
  Aizul (Snake:2)
  20 vault wardens
  9 frost giants
  An angel (Abyss:3)
  Louise (Shoals:3)
  5 ghouls (Crypt:2)
  2 orc warlords (Orc:2)
  The ghost of PostNTower the Convoker, an adept TeSu of Hepliaklqana (Snake:2)
  4 curse skulls
  4 ophanim
  15 ironbound preservers
  The ghost of bmj180 the Frost Mage, a journeyman MfIE of Ashenzari (Orc:1)
  21 quicksilver oozes
  7 very ugly things
  3 green draconians
  13 stone giants
  4 deep elf demonologists
  Nessos (D:14)
  A war gargoyle (Vaults:5)
  7 deep elf annihilators (Elf:3)
  6 ironbound thunderhulks
  9 vampire knights
  4 white draconians (Crypt:1)
  A minotaur (Gauntlet)
  A lorocyproca (Abyss:3)
  Azrael (Snake:1)
  A black draconian (Depths:1)
  3 dire elephants (Vaults:2)
  A yellow draconian (Depths:1)
  2 purple draconians
  9 formless jellyfish
  10 deep elf death magi
  7 crystal guardians
  2 eidola (Crypt:3)
  4 ettins (Vaults:5)
  6 merfolk javelineers
  11 merfolk impalers
  A fire dragon (D:15)
  7 yaktaur captains
  An entropy weaver (Vaults:4)
  10 great orbs of eyes
  12 jiangshi
  6 deep elf high priests
  A spectral spriggan (Crypt:3)
  Fannar (Lair:3)
  5 salamander tyrants (Snake:4)
  4 rakshasas
  5 peacekeepers
  A quicksilver dragon skeleton (Crypt:3)
  4 ragged hierophants (Desolation)
  5 hydras
  4 servants of whispers (Desolation)
  31 vault guards
  7 ironbound frosthearts
  A ghost crab (Gauntlet)
  4 catoblepae
  7 centaur warriors
  7 death yaks
  2 merfolk aquamancers (Shoals:3)
  4 death knights
  31 dancing weapons
  11 anacondas
  4 satyrs
  3 boulder beetles
  6 merfolk avatars
  An ogre mage (D:12)
  5 two-headed ogres
  3 tengu warriors
  2 deep troll shamans (Depths:1)
  2 deep troll earth magi (Depths:1)
  8 vampire magi
  7 thrashing horrors
  Urug (D:14)
  5 shock serpents
  2 soul eaters
  15 naga warriors
  The ghost of Gerawamaph the Summoner, a journeyman TeSu of Hepliaklqana (Orc:1)
  22 naga sharpshooters
  2 orc high priests (Orc:2)
  6 spriggan berserkers
  2 iron trolls (Depths:1)
  5 hell knights
  21 deep elf knights
  9 skysharks
  2 sun demons (Abyss:4)
  14 shadow wraiths
  A titan skeleton (Crypt:3)
  A goliath frog (shapeshifter) (Vaults:5)
  29 skeletal warriors
  5 wretched stars
  Lodul (D:13)
  A death drake (Abyss:3)
  5 salamander mystics
  17 sea snakes
  A spectral bunyip (Crypt:3)
  2 cherubim (Abyss:3)
  9 flayed ghosts
  A shadow demon (Abyss:3)
  4 glowing orange brains
  6 naga ritualists
  37 deep trolls
  2 bog bodies (Crypt:2)
  A deep troll (shapeshifter) (Vaults:5)
  5 orange crystal statues
  A broodmother zombie (Crypt:2)
  28 deep elf archers
  13 ironbound convokers
  11 lindwurms
  14 harpies
  12 wizards
  34 deep elf pyromancers
  5 necromancers
  29 deep elf zephyrmancers
  4 orc knights
  30 phantasmal warriors
  6 shining eyes
  A fire giant zombie (Crypt:3)
  12 manticores
  A moth of wrath (Gauntlet)
  4 orc sorcerers
  A stone giant zombie (Crypt:1)
  A will-o-the-wisp (Abyss:3)
  A wolf spider (Gauntlet)
  A spectral ettin (Crypt:3)
  11 mana vipers
  3 oklob plants (Lair:4)
  6 cyclopes
  10 salamanders
  2 worldbinders
  30 ugly things
  5 toenail golems (Volcano)
  25 elephants
  20 fauns
  23 merfolk sirens
  45 black mambas
  5 water nymphs
  13 naga magi
  4 eyes of devastation
  A centaur zombie (D:15)
  4 guardian serpents
  An apocalypse crab (Abyss:3)
  3 smoke demons
  A gargoyle (D:12)
  14 vault sentinels
  2 rime drakes
  A shock serpent skeleton (Crypt:1)
  An orange demon (Abyss:3)
  11 cane toads
  Psyche (D:8)
  A dire elephant skeleton (Crypt:3)
  2 efreet
  A yaktaur (shapeshifter) (D:14)
  2 tengu conjurers (WizLab)
  23 yaktaurs
  14 komodo dragons
  A death yak skeleton (Crypt:1)
  A spectral naga (Snake:3)
  2 spectral harpies (Crypt:3)
  A red devil (Gauntlet)
  An anaconda simulacrum (Abyss:3)
  4 guardian mummies (Crypt:3)
  6 trolls
  2 harpy zombies (Crypt:3)
  18 freezing wraiths
  An ancient zyme (Abyss:3)
  A hellwing (Abyss:3)
  6 meliai
  2 polar bears (Lair:5)
  27 saltlings
  A queen bee (D:12)
  A mana viper skeleton (Crypt:3)
  27 merfolk
  10 wind drakes
  A wolf spider simulacrum (D:15)
  A hornet (Lair:5)
  13 snapping turtles
  5 blink frogs
  4 raiju
  14 dream sheep
  A satyr zombie (Crypt:2)
  99 slime creatures
  A jumping spider (shapeshifter) (Vaults:5)
  14 flying skulls
  An alligator skeleton (Crypt:2)
  5 water elementals
  7 shadows (Crypt:3)
  A yak (shapeshifter) (Elf:1)
  2 air elementals (Elf:3)
  3 wyverns (Lair:5)
  A wyvern (shapeshifter) (D:14)
  A vampire (D:8)
  3 ynoxinuls
  6 fire elementals
  46 yaks
  Grum (D:8)
  6 small abominations
  16 humans (D:13)
  4 basilisks
  13 wraiths
  A chaos spawn (Abyss:3)
  7 golden eyes
  3 neqoxecs
  10 vampire mosquitoes
  7 redbacks
  51 nagas
  5 steam dragons
  Edmund (D:4)
  9 large abominations
  2 acid dragons
  A harpy simulacrum (D:15)
  2 wargs
  Duvessa (D:5)
  10 hell hounds
  21 water moccasins
  A water nymph skeleton (Crypt:2)
  A floating eye (Slime:3)
  A cane toad skeleton (Crypt:2)
  A faun skeleton (Crypt:2)
  32 orc warriors
  A black bear (D:5)
  5 great orb of eyes simulacra (IceCv)
  A hornet zombie (Crypt:3)
  4 ice beasts
  A boggart (D:12)
  14 ogres
  11 wolves
  A blink frog skeleton (Crypt:3)
  10 centaurs
  A snapping turtle skeleton (Crypt:2)
  3 phantoms
  4 slime creature simulacra (IceCv)
  A rime drake zombie (Crypt:3)
  4 kobold brigands
  15 bullfrogs
  10 earth elementals
  A gnoll sergeant (D:7)
  A necrophage (Crypt:2)
  5 scorpions
  6 glowing shapeshifter simulacra (IceCv)
  19 wights
  Dowan (D:5)
  A warg skeleton (Crypt:3)
  36 killer bees (D:12)
  4 howler monkeys
  2 vampire bats (Lair:2)
  An electric eel (Snake:4)
  A lava snake (D:7)
  2 crimson imps (Gauntlet)
  A quasit (Abyss:3)
  A wolf skeleton (Crypt:1)
  2 gnoll boudas
  5 hounds
  32 orc priests
  16 starcursed masses
  2 jellies
  A black bear skeleton (Crypt:1)
  A centaur skeleton (Crypt:2)
  2 iron imps (Abyss:3)
  Jessica (D:2)
  A basilisk skeleton (Crypt:3)
  2 sleepcaps
  4 iguanas
  42 orc wizards
  2 acid dragon skeletons
  An ogre skeleton (Crypt:1)
  18 gnolls
  5 adders
  A steam dragon skeleton (Crypt:1)
  3 white imps
  3 ufetubi
  An iguana zombie (Crypt:2)
  3 worms (D:4)
  2 dart slugs
  113 orcs
  7 ball pythons
  5 endoplasms
  3 giant cockroaches
  10 goblins
  7 hobgoblins
  2 quokkas
  2 training dummies (D:5)
  13 bats
  28 kobolds
  6 rats
  4 lurking horrors
  4 starspawn tentacles
2385 creatures vanquished.

Vanquished Creatures (collateral kills)
  A Head Instructor (WizLab)
  A tengu reaver (WizLab)
  A white draconian (Depths:1)
  A deep elf knight (WizLab)
  A salamander mystic (WizLab)
  A hell knight (Depths:1)
  A glowing orange brain (Depths:1)
  A naga mage (WizLab)
8 creatures vanquished.

Vanquished Creatures (others)
  Margery (Vaults:2)
  Nikola (Snake:3)
  A lich (Abyss:3)
  A deep elf blademaster (Depths:1)
  2 titans
  A sphinx (Vaults:4)
  2 tengu reavers
  A nagaraja (Snake:4)
  A storm dragon (Vaults:5)
  A fire giant (Depths:1)
  A vault warden (Vaults:2)
  A frost giant (Depths:1)
  A draconian stormcaller (Abyss:3)
  A war gargoyle (Vaults:2)
  An ironbound thunderhulk (Vaults:2)
  A dire elephant (Vaults:2)
  A deep elf annihilator (Elf:3)
  A formless jellyfish (Slime:5)
  A deep elf death mage (Elf:3)
  A fire dragon (Depths:1)
  2 merfolk javelineers (Shoals:3)
  A deep elf high priest (Elf:3)
  A vault guard (Vaults:5)
  2 anacondas
  A satyr (Shoals:4)
  A deep troll earth mage (Depths:1)
  4 naga warriors
  2 deep elf knights
  A naga ritualist (Snake:2)
  A deep troll (Vaults:2)
  A wizard (D:14)
  An ironbound convoker (Vaults:1)
  4 deep elf zephyrmancers
  3 deep elf pyromancers
  A manticore (Shoals:4)
  A faun (Shoals:1)
  A naga mage (Snake:2)
  A merfolk siren (Shoals:1)
  A merfolk (Shoals:3)
  A wind drake (Shoals:1)
  A vampire (D:12)
  3 starcursed masses (Abyss:3)
  A naga (Snake:4)
  3 foxfires (Abyss:3)
  17 starspawn tentacles
78 creatures vanquished.

Grand Total: 2471 creatures vanquished

Notes
Turn   | Place    | Note
-------+----------+-------------------------------------------
     0 | D:1      | vineage the Gargoyle Fighter began the quest for the Orb.
     0 | D:1      | Reached XP level 1. HP: 14/14 MP: 1/1
   194 | D:1      | Reached XP level 2. HP: 13/19 MP: 2/2
   633 | D:2      | Noticed Jessica
   658 | D:2      | Killed Jessica
   659 | D:2      | Reached XP level 3. HP: 24/24 MP: 3/3
  1235 | D:2      | Reached XP level 4. HP: 29/29 MP: 4/4
  1254 | D:2      | Found a hide-covered altar of Uskayaw.
  1670 | D:3      | Noticed a sky beast
  1671 | D:3      | Found a transporter.
  1673 | D:3      | Found a shimmering altar of Xom.
  1687 | D:3      | Found a transporter.
  1687 | D:3      | Found Pepteam's Jewellery Emporium.
  1897 | D:3      | Found an opulent altar of Gozag.
  2231 | D:3      | Found a faded altar of an unknown god.
  2238 | D:3      | Reached XP level 5. HP: 34/34 MP: 5/5
  2275 | D:3      | Found a white marble altar of Elyvilon.
  2725 | D:4      | Noticed a phantom
  2737 | D:4      | Killed a phantom
  2738 | D:4      | Reached skill level 1 in Maces & Flails
  2738 | D:4      | Reached XP level 6. HP: 40/40 MP: 6/6
  2755 | D:4      | Noticed Edmund
  2758 | D:4      | Found a stormy altar of Qazlal.
  2787 | D:4      | Killed Edmund
  2788 | D:4      | Reached skill level 5 in Fighting
  2788 | D:4      | Reached XP level 7. HP: 43/44 MP: 7/7
  3321 | D:5      | Entered Level 5 of the Dungeon
  3479 | D:5      | Noticed Dowan
  3480 | D:5      | Noticed Duvessa
  3497 | D:5      | Killed Duvessa
  3498 | D:5      | Reached XP level 8. HP: 41/51 MP: 8/8
  3499 | D:5      | Killed Dowan
  3500 | D:5      | Reached skill level 5 in Armour
  3668 | D:5      | Reached skill level 5 in Shields
  3769 | D:5      | Reached skill level 5 in Maces & Flails
  3897 | D:5      | Found a staircase to the Ecumenical Temple.
  3954 | D:5      | Found a snail-covered altar of Cheibriados.
  4034 | D:5      | Found a blossoming altar of Fedhas.
  4202 | D:5      | Reached XP level 9. HP: 52/56 MP: 9/9
  4618 | D:6      | Found a hide-covered altar of Uskayaw.
  5074 | D:7      | Reached XP level 10. HP: 63/64 MP: 10/10
  5087 | D:7      | Found an ornate altar of the Wu Jian Council.
  5379 | D:8      | Noticed Psyche
  5385 | D:8      | Killed Psyche
  5467 | D:8      | Noticed Grum
  5499 | D:8      | Killed Grum
  5538 | D:8      | Found a shadowy altar of Dithmenos.
  5796 | D:8      | Found Dution's General Store.
  5864 | D:8      | Found Sief Duli's Antique Armour Shop.
  5975 | D:8      | Reached XP level 11. HP: 57/71 MP: 11/11
  6033 | D:8      | Reached skill level 10 in Maces & Flails
  6051 | D:8      | Found Jyhuah's Armour Boutique.
  6274 | D:9      | Identified the amulet "Tinar" {Faith Str+2}
  6855 | Temple   | Entered the Ecumenical Temple
  6936 | Temple   | Became a worshipper of Warmaster Okawaru
  7257 | D:9      | Found Zin's Purification Station.
  7261 | D:9      | Found a glowing silver altar of Zin.
  7315 | D:9      | Identified the +6 scale mail of the Stone Wall {Contam
                  | rPois Slay+3}
  7507 | D:8      | Bought the +7 chain mail "Jekao" {rN+ Regen+ Dex+2 Stlth+}
                  | for 577 gold pieces
  7581 | D:10     | Entered Level 10 of the Dungeon
  7624 | D:10     | Reached * piety under Okawaru
  7625 | D:10     | Reached skill level 1 in Invocations
  7846 | D:10     | Found a staircase to the Orcish Mines.
  7887 | D:10     | Reached skill level 10 in Fighting
  8075 | D:10     | Found a basalt altar of Yredelemnul.
  8273 | D:11     | Reached ** piety under Okawaru
  8326 | D:11     | Reached XP level 12. HP: 77/77 MP: 14/14
  8503 | D:11     | Found a staircase to the Lair.
  8723 | Lair:1   | Entered Level 1 of the Lair of Beasts
  9043 | Lair:1   | Found a radiant altar of Vehumet.
  9524 | Lair:1   | Reached *** piety under Okawaru
  9744 | Lair:2   | Reached skill level 10 in Armour
  9751 | Lair:2   | Found a gate leading to a gauntlet.
  9757 | Lair:2   | Noticed a death yak
  9759 | Lair:2   | Noticed a death yak
  9759 | Lair:2   | Noticed a death yak
  9761 | Gauntlet | Entered a Gauntlet
  9761 | Gauntlet | Found a transporter.
  9771 | Gauntlet | Found a transporter.
  9774 | Gauntlet | Found a transporter.
  9775 | Gauntlet | Found a transporter.
  9781 | Gauntlet | Found a runed translucent gate.
  9781 | Gauntlet | Found a runed translucent gate.
  9781 | Gauntlet | Found a runed translucent gate.
  9783 | Gauntlet | Found a transporter.
  9786 | Gauntlet | Found a transporter.
  9787 | Gauntlet | Found a transporter.
  9796 | Gauntlet | Found a transporter.
  9799 | Gauntlet | Found a transporter.
  9800 | Gauntlet | Found a transporter.
  9803 | Gauntlet | Noticed a ghost crab
  9808 | Gauntlet | Found a transporter.
  9811 | Gauntlet | Found a transporter.
  9812 | Gauntlet | Found a transporter.
  9817 | Gauntlet | Noticed a great orb of eyes
  9820 | Gauntlet | Found a transporter.
  9952 | Gauntlet | Reached skill level 10 in Shields
  9968 | Gauntlet | Identified the ring of Eternal Night {Int+3 Dex+6}
 10132 | Gauntlet | Reached **** piety under Okawaru
 10247 | Gauntlet | Reached skill level 5 in Dodging
 10247 | Gauntlet | Reached XP level 13. HP: 85/85 MP: 16/16
 10387 | Gauntlet | Killed a great orb of eyes
 10402 | Gauntlet | Identified the ring of the Distant Future {Drain +Blink rC+
                  | MP+9}
 10420 | Gauntlet | Found the +4 Cigotuvi's embrace {Corpsefed rMiasma Drain
                  | rN+}
 10420 | Gauntlet | Noticed a minotaur
 10444 | Gauntlet | Killed a minotaur
 10759 | Lair:2   | Gained mutation: Your large and strong wings let you fly.
                  | [Gargoyle growth]
 10759 | Lair:2   | Reached XP level 14. HP: 92/92 MP: 17/17
 10802 | Lair:2   | Reached ***** piety under Okawaru
 10906 | Lair:2   | Found a staircase to the Shoals.
 11379 | Lair:3   | Found a staircase to the Snake Pit.
 11711 | Lair:3   | Noticed Fannar
 11727 | Lair:3   | Killed Fannar
 12016 | Lair:4   | Identified the +2 pair of boots of Okawaru's Condemnation
                  | {Contam rF+ Str+10 Stlth+} (Okawaru gifted it to you on
                  | level 4 of the Lair of Beasts)
 12016 | Lair:4   | Received a gift from Okawaru
 12698 | Lair:4   | Found a viscous altar of Jiyva.
 12813 | Lair:4   | Found a staircase to the Slime Pits.
 13021 | Lair:5   | Entered Level 5 of the Lair of Beasts
 13184 | Lair:5   | Identified the +4 demon trident "Faiweuphye" {elec, Drain
                  | rElec rCorr} (Okawaru gifted it to you on level 5 of the
                  | Lair of Beasts)
 13184 | Lair:5   | Received a gift from Okawaru
 13361 | Lair:5   | Reached XP level 15. HP: 98/99 MP: 18/18
 13510 | Lair:5   | Reached skill level 15 in Maces & Flails
 13514 | Lair:5   | Reached ****** piety under Okawaru
 13572 | Lair:5   | Identified the staff of conjuration "Nink" {rC+}
 13573 | Lair:5   | Identified the +5 rapier of Conservatism {elec, rPois rF-
                  | Will+ Int+6}
 13934 | Orc:1    | Entered Level 1 of the Orcish Mines
 13952 | Orc:1    | Found a runed translucent gate.
 13954 | Orc:1    | Found a runed translucent gate.
 13982 | Orc:1    | Found a runed translucent gate.
 14332 | Orc:1    | Noticed bmj180's ghost (journeyman MfIE)
 14332 | Orc:1    | Noticed Gerawamaph's ghost (journeyman TeSu)
 14520 | Orc:1    | Killed bmj180's ghost
 14520 | Orc:1    | Received a gift from Okawaru
 14535 | Orc:1    | Killed Gerawamaph's ghost
 14565 | Orc:2    | Entered Level 2 of the Orcish Mines
 14651 | Orc:2    | Found Ihiata's Antique Armour Shop.
 14684 | Orc:2    | Found a staircase to the Elven Halls.
 14695 | Orc:2    | Noticed an orc warlord
 14764 | Orc:2    | Noticed an orc warlord
 14785 | Orc:2    | Killed an orc warlord
 14898 | Orc:2    | Found a dark tunnel.
 14904 | Volcano  | Entered a volcano
 14938 | Abyss:2  | Cast into level 2 of the Abyss (a wizard)
 15069 | Abyss:2  | Noticed a tentacled starspawn
 15078 | Abyss:2  | Killed a tentacled starspawn
 15158 | Abyss:2  | Noticed a tentacled starspawn
 15161 | Volcano  | Escaped the Abyss
 15364 | Volcano  | Found the +2 hat of the Bear Spirit {Spirit, Bear, *Rage
                  | Will++}
 15601 | Orc:2    | Killed an orc warlord
 15601 | Orc:2    | Received a gift from Okawaru
 15878 | Orc:2    | Found Larajitt's General Store.
 16138 | Orc:2    | Found Saich's Antique Armour Shoppe.
 16142 | Orc:2    | Found Bolouk's Antique Weapon Emporium.
 16648 | D:12     | Noticed a fire giant
 16690 | D:12     | Killed a fire giant
 16721 | D:12     | Paralysed by a vampire for 4 turns
 16749 | D:12     | Received a gift from Okawaru
 16843 | D:12     | Reached XP level 16. HP: 107/107 MP: 19/19
 17502 | D:13     | Noticed Lodul
 17516 | D:13     | Killed Lodul
 17827 | D:13     | Identified the +9 great mace of Jebieheo {freeze, Str+2}
                  | (Okawaru gifted it to you on level 13 of the Dungeon)
 17827 | D:13     | Received a gift from Okawaru
 17889 | D:13     | Found a portal to a secret trove of treasure.
 18220 | D:14     | Noticed Nessos
 18220 | D:14     | Noticed Urug
 18220 | D:14     | Found a gate to the Vaults.
 18466 | D:14     | Killed Urug
 18491 | D:14     | Killed Nessos
 18661 | D:14     | Reached skill level 15 in Fighting
 18738 | D:14     | Received a gift from Okawaru
 18881 | D:14     | Identified the +3 leather armour of the Mantidfly {-Tele
                  | +Inv Int+9}
 19417 | D:15     | Entered Level 15 of the Dungeon
 19629 | D:15     | Found a staircase to the Depths.
 20194 | Snake:1  | Entered Level 1 of the Snake Pit
 20233 | Snake:1  | Found a transporter.
 20272 | Snake:1  | Found a transporter.
 20376 | Snake:1  | Found a transporter.
 20376 | Snake:1  | Found a transporter.
 20376 | Snake:1  | Noticed Agnes
 20399 | Snake:1  | Killed Agnes
 20399 | Snake:1  | Identified the -2 hat "Neb Yxun" {Regen+} (Okawaru gifted
                  | it to you on level 1 of the Snake Pit)
 20399 | Snake:1  | Received a gift from Okawaru
 20622 | Snake:1  | Noticed Azrael
 20635 | Snake:1  | Killed Azrael
 20760 | Snake:1  | Reached XP level 17. HP: 100/113 MP: 20/20
 20903 | Snake:1  | Found a transporter.
 21775 | Snake:2  | Noticed Vashnia
 21875 | Snake:2  | Killed Vashnia
 21911 | Snake:2  | Identified the +1 chain mail "Lonin" {Contam Rampage Int+7}
                  | (Okawaru gifted it to you on level 2 of the Snake Pit)
 21911 | Snake:2  | Received a gift from Okawaru
 22063 | Snake:2  | Noticed Mlioglotl
 22074 | Snake:2  | Noticed a tentacled starspawn
 22100 | Snake:2  | Killed Mlioglotl
 22193 | Snake:2  | Found Esiesyk's Antique Weapon Boutique.
 22193 | Snake:2  | Found Hotulud's Weapon Shop.
 22286 | Snake:2  | Found Nobupniw's Weapon Boutique.
 22370 | Snake:2  | Found a large runed translucent door.
 22371 | Snake:2  | Found a large runed translucent door.
 22454 | Snake:2  | Bought the +8 trishula "Condemnation" {holy, anguish,
                  | *Noise Fly rN+} for 1201 gold pieces
 22454 | Snake:2  | Found the +8 trishula "Condemnation" {holy, anguish, *Noise
                  | Fly rN+}
 22608 | Snake:2  | Identified the +0 ring mail of Grace {rCorr Stlth+}
 22670 | Snake:2  | Noticed Aizul
 22690 | Snake:2  | Killed Aizul
 22691 | Snake:2  | Reached skill level 5 in Polearms
 22820 | Snake:2  | Noticed PostNTower's ghost (adept TeSu)
 22915 | Snake:2  | Killed PostNTower's ghost
 23409 | Snake:3  | Reached XP level 18. HP: 115/120 MP: 21/21
 23551 | Snake:3  | Noticed Nikola
 23566 | Snake:3  | Killed Nikola
 23566 | Snake:3  | Identified the +1 robe "Vuoclem" {rPois Regen+ rCorr}
                  | (Okawaru gifted it to you on level 3 of the Snake Pit)
 23566 | Snake:3  | Received a gift from Okawaru
 23996 | Snake:3  | Identified 2 scrolls of acquirement
 23999 | Snake:3  | Acquired 1135 gold pieces
 24003 | Snake:3  | Acquired the +10 crystal plate armour of Gafru {Str+3
                  | Dex+3}
 24193 | Snake:4  | Entered Level 4 of the Snake Pit
 24639 | Snake:4  | Reached skill level 10 in Polearms
 25549 | Snake:4  | Received a gift from Okawaru
 25625 | Snake:4  | Got a serpentine rune of Zot
 25950 | Elf:1    | Entered Level 1 of the Elven Halls
 26187 | Elf:1    | Found Nyoh's Jewellery Shoppe.
 26194 | Elf:1    | Found Ixkuq's Jewellery Boutique.
 26264 | Elf:1    | Found Vuaxuut's Armour Shop.
 26277 | Elf:1    | Found Qoawuurr's Jewellery Boutique.
 26508 | Elf:1    | Reached XP level 19. HP: 124/125 MP: 22/22
 26663 | Elf:1    | Found a bloodstained altar of Trog.
 26724 | Elf:1    | Found Sauhoh's Jewellery Shop.
 27050 | Elf:2    | Paralysed by an air elemental for 1 turns
 27053 | Elf:2    | Paralysed by an air elemental for 1 turns
 27057 | Elf:2    | Paralysed by an air elemental for 1 turns
 27250 | Elf:2    | Identified the +0 robe "Weona" {rElec Str-5 Int+7 Stlth+}
                  | (Okawaru gifted it to you on level 2 of the Elven Halls)
 27250 | Elf:2    | Received a gift from Okawaru
 27431 | Elf:2    | Found a runed translucent gate.
 27431 | Elf:2    | Found a runed translucent gate.
 27431 | Elf:2    | Found a runed translucent gate.
 27907 | Elf:2    | Reached skill level 15 in Polearms
 28379 | Elf:3    | Entered Level 3 of the Elven Halls
 28842 | Elf:3    | Paralysed by an air elemental for 1 turns
 29097 | Abyss:3  | Found a corrupted altar of Lugonu.
 29097 | Abyss:3  | Cast into level 3 of the Abyss (a deep elf sorcerer)
 29154 | Abyss:3  | Paralysed by accursed screaming for 1 turns
 29337 | Abyss:3  | Found a corrupted altar of Lugonu.
 29440 | Abyss:3  | Received a gift from Okawaru
 29594 | Abyss:3  | Found a glowing golden altar of the Shining One.
 29608 | Abyss:3  | Reached XP level 20. HP: 114/131 MP: 23/23
 29749 | Abyss:3  | Noticed a juggernaut
 29756 | Abyss:3  | Killed a juggernaut
 29759 | Abyss:3  | Got an abyssal rune of Zot
 29780 | Elf:3    | Escaped the Abyss
 29866 | Abyss:3  | Cast into level 3 of the Abyss (a deep elf sorcerer)
 29870 | Abyss:3  | Found a corrupted altar of Lugonu.
 29872 | Abyss:3  | Noticed a bone dragon
 29890 | Abyss:3  | Killed a bone dragon
 29905 | Elf:3    | Escaped the Abyss
 30334 | Elf:3    | Found Ewnivup's Book Shop.
 30335 | Elf:3    | Found Jatabi Ciru's Jewellery Shoppe.
 30336 | Elf:3    | Found Luech's Book Shop.
 30351 | Elf:3    | Bought the ring of Urax {rF+ rN+ rCorr} for 585 gold pieces
 30537 | Abyss:3  | Cast into level 3 of the Abyss (a deep elf sorcerer)
 30636 | Elf:3    | Escaped the Abyss
 30689 | Elf:3    | HP: 2/131 [deep elf annihilator/bolt of lightning (9)]
 30893 | Elf:3    | Identified the +1 flail of Discord {heavy, Str+6}
 30910 | Elf:3    | Noticed a Tzitzimitl
 31139 | Elf:3    | Identified the +4 great mace "Noiwyi Fekk" {flame, Str+7
                  | Dex-3}
 31193 | Elf:3    | Identified the +6 quarterstaff of an ice cave {venom, rF++
                  | rC+}
 31197 | Elf:3    | Identified the +4 broad axe of Distraction {flame, +Blink
                  | rC++ Will+}
 31205 | Elf:3    | Identified the +0 mace of Fragile Peace {flame, Fly rC+++
                  | Dex-4 Stlth+}
 31288 | Elf:3    | Identified the staff of conjuration "Sic Ysey" {rElec
                  | Will+}
 31676 | Elf:3    | Identified the +0 chain mail "Ginnoph" {rC+ Dex+2}
 31743 | Abyss:3  | Cast into level 3 of the Abyss (a deep elf demonologist)
 32060 | Abyss:3  | Received a gift from Okawaru
 32187 | Elf:3    | Escaped the Abyss
 32289 | Elf:3    | Identified the +2 sling of Righteous Anger {heavy, rF++ rC+
                  | Will+}
 32321 | Elf:3    | Got Zejecvad's Compendium of Viridian Sciomancy
 32356 | Elf:3    | Identified the staff of fire "Leorgh" {rPois rF+ Dex+3}
 32700 | Shoals:1 | Entered Level 1 of the Shoals
 32753 | Shoals:1 | Reached skill level 15 in Shields
 32756 | Shoals:1 | Reached skill level 15 in Armour
 32844 | Shoals:1 | Reached skill level 5 in Invocations
 33582 | Shoals:2 | Reached XP level 21. HP: 135/136 MP: 25/25
 33587 | Shoals:2 | Noticed Donald
 33610 | Shoals:2 | Killed Donald
 33636 | Shoals:2 | Noticed Polyphemus
 33647 | Shoals:2 | Killed Polyphemus
 34060 | Shoals:2 | Noticed Ilsuiw
 34150 | Shoals:2 | Killed Ilsuiw
 34525 | Shoals:3 | Found Bany's Antique Armour Shoppe.
 34611 | Shoals:3 | Identified the +0 chain mail of Qeucischu {rElec rN+ Int+2}
                  | (Okawaru gifted it to you on level 3 of the Shoals)
 34611 | Shoals:3 | Received a gift from Okawaru
 34852 | Shoals:3 | Found a frozen archway.
 34868 | IceCv    | Entered an ice cave
 35179 | IceCv    | Found a viscous altar of Jiyva.
 35195 | IceCv    | Got the ring of Paikkit {Ice MP+9 Int+2 Slay-6}
 35201 | IceCv    | Got Sif Muna's Encyclopedia of Chilblains
 35843 | Shoals:3 | Noticed Louise
 35844 | Abyss:3  | Found a corrupted altar of Lugonu.
 35844 | Abyss:3  | Cast into level 3 of the Abyss (Louise)
 36105 | Shoals:3 | Escaped the Abyss
 36133 | Shoals:3 | Killed Louise
 36622 | Shoals:4 | Entered Level 4 of the Shoals
 37517 | Shoals:4 | Identified the +0 pair of gloves of the Stars {*Slow rPois
                  | rC++ MP+9}
 37664 | Shoals:4 | Got a barnacled rune of Zot
 37779 | Shoals:4 | Identified the +1 chain mail "Gujam" {Harm *Slow rPois
                  | Dex+6}
 37908 | Abyss:4  | Cast into level 4 of the Abyss (merfolk impaler)
 37955 | Abyss:4  | Reached skill level 10 in Invocations
 37980 | Abyss:4  | Reached XP level 22. HP: 141/144 MP: 29/29
 38036 | Shoals:4 | Escaped the Abyss
 38540 | Vaults:1 | Entered Level 1 of the Vaults
 38553 | Vaults:1 | Identified the +2 orcbow "Fycoas" {drain, Int+5}
 38582 | Vaults:1 | Identified the +2 hat "Bintaf" {Contam rElec Dex+6}
                  | (Okawaru gifted it to you on level 1 of the Vaults)
 38582 | Vaults:1 | Received a gift from Okawaru
 39193 | Vaults:1 | Found Vumuhuc's Distillery.
 39201 | Vaults:1 | Bought a potion of curing for 48 gold pieces
 39201 | Vaults:1 | Bought a potion of curing for 48 gold pieces
 39201 | Vaults:1 | Bought a potion of heal wounds for 80 gold pieces
 39201 | Vaults:1 | Bought a potion of heal wounds for 80 gold pieces
 39491 | Vaults:1 | Found Yrhaen's Distillery.
 39499 | Vaults:1 | Bought a potion of curing for 45 gold pieces
 39499 | Vaults:1 | Bought a potion of haste for 150 gold pieces
 39653 | Vaults:2 | Found Oxorr's General Store.
 40174 | Vaults:2 | Found a crumbling gateway.
 40210 | Desolati | Entered the Desolation of Salt
 40344 | Desolati | Identified the amulet of the Median {Faith rC+ Str+3 Int+2}
 40447 | Desolati | Identified the +1 cloak of Hangman {rPois rN+ SInv}
 41231 | Abyss:4  | Cast into level 4 of the Abyss (a wizard)
 41249 | Abyss:4  | Received a gift from Okawaru
 41294 | Vaults:2 | Escaped the Abyss
 41312 | Vaults:2 | Noticed Margery
 41340 | Vaults:2 | Killed Margery
 41368 | Vaults:2 | Noticed Asterion
 41385 | Vaults:2 | Killed Asterion
 42040 | Vaults:2 | Found a staircase to the Crypt.
 42040 | Vaults:2 | Found a basalt altar of Yredelemnul.
 42040 | Vaults:2 | Found an ancient bone altar of Kikubaaqudgha.
 42461 | Vaults:3 | Received a gift from Okawaru
 42538 | Vaults:3 | Reached XP level 23. HP: 152/152 MP: 31/31
 42545 | Vaults:3 | Found Dahaan's General Store.
 43150 | Vaults:3 | Identified the +1 robe "Coomuz" {rElec Str+3 SInv} (Okawaru
                  | gifted it to you on level 3 of the Vaults)
 43150 | Vaults:3 | Received a gift from Okawaru
 43699 | Vaults:4 | Paralysed by a sphinx for 3 turns
 44099 | Vaults:4 | Paralysed by a great orb of eyes for 2 turns
 44598 | Vaults:5 | Entered Level 5 of the Vaults
 44604 | Vaults:5 | Noticed a dread lich
 44649 | Vaults:5 | Killed a dread lich
 44820 | Vaults:5 | Got Esao's Dissertation on Electrocution and the Wayfarer
 44850 | Vaults:5 | Received a gift from Okawaru
 45073 | Vaults:5 | Identified the +10 great sword "Daoruec" {vamp, rC++ MP+9
                  | Str-2 Dex+3}
 45316 | Vaults:5 | Identified the +6 steam dragon scales of Qaxost {rElec rF-
                  | rCorr Int+3}
 45316 | Vaults:5 | Identified the ring of Ziogatt {rPois rF+}
 45331 | Vaults:5 | Reached XP level 24. HP: 146/160 MP: 31/31
 45567 | Vaults:5 | Identified the +5 pair of gloves of Forking Paths {-Tele
                  | Harm rN++ Int+3} (Okawaru gifted it to you on level 5 of
                  | the Vaults)
 45567 | Vaults:5 | Received a gift from Okawaru
 45600 | Vaults:5 | Identified the +7 chain mail of Circular Logic {rN+}
 45619 | Vaults:5 | Identified the ring "Esmaol" {rPois rF+ Str+2 SInv}
 45626 | Vaults:5 | Noticed an ancient lich
 45643 | Vaults:5 | Killed an ancient lich
 45698 | Vaults:5 | Found Bytyzusm's Distillery.
 45702 | Vaults:5 | Bought a potion of haste for 170 gold pieces
 45702 | Vaults:5 | Bought a potion of might for 68 gold pieces
 45702 | Vaults:5 | Bought a potion of curing for 51 gold pieces
 45702 | Vaults:5 | Bought a potion of curing for 51 gold pieces
 45702 | Vaults:5 | Bought a potion of haste for 170 gold pieces
 45702 | Vaults:5 | Bought a potion of haste for 170 gold pieces
 45779 | Vaults:5 | Got a silver rune of Zot
 46178 | Vaults:5 | Identified the staff of cold "Iplimp" {rPois rC+}
 46279 | Vaults:5 | Identified the staff of death "Kaown" {rPois rC- rN+ Int+3
                  | Stlth+}
 46351 | Vaults:5 | Identified the staff of earth "Jodiepn" {rN+ rCorr Int+4}
 46371 | Vaults:5 | Identified the +6 rapier "Onuemos" {heavy, Stlth+}
 46546 | Vaults:5 | Identified the staff of air "Silof" {rElec rC++ rCorr Str+2
                  | Int-3}
 47215 | Slime:1  | Entered Level 1 of the Pits of Slime
 49158 | Slime:3  | Found a one-way gate to the infinite horrors of the Abyss.
 49214 | Slime:3  | Found a corrupted altar of Lugonu.
 49310 | Slime:4  | Identified the +2 chain mail of Okawaru's Delight {rElec
                  | rF- rCorr Str+2} (Okawaru gifted it to you on level 4 of
                  | the Pits of Slime)
 49310 | Slime:4  | Received a gift from Okawaru
 49424 | Slime:4  | Gained mutation: You are weak. (Str -2) [a shining eye]
 49621 | Slime:4  | Gained mutation: You occasionally shout uncontrollably at
                  | your foes. [a shining eye]
 49622 | Slime:4  | Gained mutation: Your body sometimes deteriorates upon
                  | taking damage. [a shining eye]
 49629 | Slime:3  | Gained mutation: You occasionally lose the ability to drink
                  | potions when taking damage. [a shining eye]
 49648 | Slime:3  | Lost mutation: Your body sometimes deteriorates upon taking
                  | damage. [potion of mutation]
 49648 | Slime:3  | Lost mutation: You occasionally shout uncontrollably at
                  | your foes. [potion of mutation]
 49648 | Slime:3  | Lost mutation: You occasionally lose the ability to drink
                  | potions when taking damage. [potion of mutation]
 49648 | Slime:3  | Gained mutation: Your flesh is cold resistant. (rC+)
                  | [potion of mutation]
 49648 | Slime:3  | Gained mutation: You have supernaturally acute eyesight.
                  | (SInv) [potion of mutation]
 49648 | Slime:3  | Gained mutation: You are vulnerable to heat. (rF-) [potion
                  | of mutation]
 49648 | Slime:3  | Gained mutation: You are agile. (Dex +4, Str/Int -1)
                  | [potion of mutation]
 49833 | Slime:5  | Entered Level 5 of the Pits of Slime
 49979 | Slime:5  | Noticed the Royal Jelly
 49994 | Slime:4  | Reached XP level 25. HP: 125/169 MP: 25/31
 50767 | Slime:5  | Killed the Royal Jelly
 50783 | Slime:5  | Gained mutation: Armour fits poorly on your strangely
                  | shaped body. [a shining eye]
 51879 | Slime:5  | Identified the ring of Yqemp {rPois Dex+5}
 51903 | Slime:5  | Identified the +7 spear of Poxuativ {antimagic, *Slow rElec
                  | Str+5}
 51912 | Slime:5  | Got the Vellum of Remoulded Ice
 51937 | Slime:5  | Identified the scarf of Birom {harm, +Inv Int+8}
 51957 | Slime:5  | Identified the +5 falchion "Seahym" {heavy, rC+}
 51959 | Slime:5  | Identified the ring of Colucrag {Fly rPois Str-4 Dex+2}
 51961 | Slime:5  | Identified the +1 war axe of the Warrior-Mage {flame, Will-
                  | Dex+8 SInv}
 51969 | Slime:5  | Identified the ring of the Cast Vote {Wiz rPois Slay-2
                  | Stlth+}
 51971 | Slime:5  | Identified the staff of death "Reffurid" {rF+++ rN+ Will+
                  | Int+3 Dex-5}
 52004 | Slime:5  | Got a slimy rune of Zot
 52005 | Slime:5  | Identified the amulet of Coronation {Acrobat +Blink Int+3}
 52764 | Temple   | Fell from the grace of Okawaru
 52764 | Temple   | Became a worshipper of the Shining One
 53014 | Crypt:1  | Entered Level 1 of the Crypt
 53058 | Crypt:1  | Noticed Jory
 53058 | Crypt:1  | Reached * piety under the Shining One
 53064 | Crypt:1  | Killed Jory
 53244 | Crypt:1  | Reached ** piety under the Shining One
 53372 | Crypt:1  | Reached *** piety under the Shining One
 54896 | Crypt:2  | Reached **** piety under the Shining One
 54958 | Crypt:2  | Reached ***** piety under the Shining One
 55004 | Crypt:2  | Found a magical portal.
 55020 | WizLab   | Entered Yara's Duelist Academy
 55129 | WizLab   | Noticed Imemn
 55140 | WizLab   | Killed Imemn the Head Instructor
 55247 | WizLab   | Got Yara's Almanac of Imprecation
 56215 | Crypt:2  | Reached ****** piety under the Shining One
 56466 | Crypt:3  | Entered Level 3 of the Crypt
 56622 | Crypt:3  | Found a staircase to the Tomb.
 56645 | Crypt:3  | Reached XP level 26. HP: 163/177 MP: 31/31
 56906 | Crypt:3  | Found an ancient bone altar of Kikubaaqudgha.
 57101 | Crypt:3  | Identified the staff of poison "Fytagoyha" {rPois rF+
                  | Will++ MP+9 Stlth-}
 57112 | Crypt:3  | Identified the +1 halberd of Abuse {drain, rC+}
 57832 | Depths:1 | Entered Level 1 of the Depths
 58290 | Depths:1 | HP: 5/179 [frost giant/bolt of cold[the fury of Okawaru]
                  | (18)]
 58290 | Depths:1 | Mangled by a white draconian

Illustrated notes

Levels and vault maps discovered:
D:1:      doesnt_arrival_eight_statues, layout_basic, chequers_garden
D:2:      layout_basic, basic_altar, uniq_jessica
D:3:      layout_basic, nicolae_gozag_cash_rules_everything_around_me,
          nicolae_overflow_ecumenical_swirl, elyvilon_altar_4,
          gammafunk_temple_overflow_arena, serial_shops, shop
D:4:      minmay_diamond_boxcup, layout_rooms, nicolae_qazlal_scattered_showers,
          uniq_edmund
D:5:      dreamdust_elfheim, layout_loops_ring, lemuel_crystal_altar,
          kennysheep_mini_moat, temple_pool_b
D:6:      layout_rooms, marbit_many_paths, hangedman_minor_gate_pass
D:7:      layout_rooms, nicolae_wu_jian_immortal_techniques,
          nicolae_lava_and_water
D:8:      layout_rooms, grunt_dithmenos_smoke_and_mirrors, serial_shops,
          nicolae_shop_tiny_statue_garden, nicolae_shop_tiny_waterfront, shop,
          chequers_mini_garden, uniq_psyche, uniq_grum
D:9:      layout_gridville, zin_purify
D:10:     layout_long_grid, amcnicky_altar_gilded, hiddenorc1_lemuel
D:11:     layout_rooms, david_lair_shrubbed,
          nicolae_concentric_dashed_squares_wild
D:12:     hangedman_what_comes_after_a, layout_irregular_city
D:13:     layout_cave_pools, nicolae_trove_entry_crystal,
          hangedman_cracks_in_the_wall, uniq_lodul
D:14:     layout_stronghold, david_vaults_3, small_statue_intersection
D:15:     grunt_enter_depths_magical_seal, layout_rooms, chequers_arboretum
Temple:   compressed_dpeg_circular_temple
Lair:1:   layout_hall_layers, basic_altar
Lair:2:   layout_loops_ring, minmay_shoals_entry_lonely_mermaid,
          gauntlet_entry_generic, roderic_batcave
Lair:3:   layout_misc_corridors, minmay_snake_entry_six_corridors, uniq_fannar
Lair:4:   layout_regular_city, minmay_slime_entry_oklob_open,
          beast_lair_carwin_3, grunt_megastairs_4
Lair:5:   gammafunk_lair_ancient_temple, layout_long_grid, grunt_megastairs_2
Shoals:1: layout_shoals, nicolae_shoals_circle_sea_wall,
          nicolae_shoals_shepherds
Shoals:2: layout_shoals, uniq_polyphemus, uniq_donald, uniq_ilsuiw
Shoals:3: layout_shoals, portal_ice_cave_entry_pillars_2, serial_shops, shop,
          st_sunken_huts, uniq_louise
Shoals:4: shoals_end_grunt_ice, layout_shoals
Snake:1:  gammafunk_the_bubble [the_bubble_gammafunk_roulette],
          layout_layer_cave, uniq_agnes, uniq_azrael
Snake:2:  layout_rooms, ebering_ghost_disaster_area,
          nicolae_snake_slithery_corners, minmay_shop_star,
          serial_bayou_shore_b, uniq_aizul, uniq_mlioglotl, uniq_vashnia
Snake:3:  layout_misc_corridors, nicolae_snake_ghostly_warrior_ritual,
          uniq_nikola
Snake:4:  minmay_snake_end_coiled, layout_onion, grunt_megastairs_3,
          serial_bayou_shore_a
Slime:1:  layout_caves
Slime:2:  layout_caves
Slime:3:  cheibrodos_slime_lost_civilization_8, layout_caves,
          amcnicky_altar_lugonu_corruption
Slime:4:  layout_caves, special_room [special_room_jelly]
Slime:5
Orc:1:    nicolae_orc_accident_1, layout_diamond_mine, gammafunk_ghost_cemetery
Orc:2:    grunt_orc_community_town_hall, layout_caves,
          grunt_orc_community_big_house_2, grunt_orc_community_big_house_2,
          grunt_orc_community_house_1, grunt_orc_community_house_3,
          grunt_orc_community_house_2, grunt_orc_community_house_1,
          grunt_orc_community_house_1, grunt_orc_community_house_3,
          nicolae_volcano_entry_s_turn, minmay_orc_keep
Elf:1:    layout_geoelf_octagon, serial_shops, nicolae_shop_crystal,
          nicolae_shop_just_a_little_nook, shop, shop, shop,
          minmay_elf_crystal_hexagon, nicolae_elf_glass_and_crystal_pillar_1,
          evilmike_spriggan_trog_shrine
Elf:2:    elven_hall_of_blades_hangedman_original [mumra_blade_entry_bloodbath],
          layout_geoelf_octagon, nicolae_concentric_dashed_squares_mild,
          minivault_16
Elf:3:    minmay_elf_hall_golems, layout_loops_ring, hex_tiny, minmay_shop_grove
Vaults:1: nicolae_vaults_network_barrier, nicolae_vaults_trapezoid_2,
          nicolae_vaults_shipping_containers_5, nicolae_vaults_little_squares_5,
          hangedman_vaults_river_flow, vaults_standard_mumra_x,
          nicolae_vaults_hexular_roomagon, nicolae_vaults_puzzle_piece,
          hangedman_vaults_restitches, v_misc_4, nicolae_vaults_apartment_1,
          nicolae_vaults_storage_room_doors, vaults_room_pools,
          vaults_room_semicircle, vaults_dpeg_cross, layout_vaults_maze_snakey,
          serial_shops, shop, nicolae_shop_hallway_stairs
Vaults:2: portal_desolation_entry_ruin, nicolae_vaults_closet_pinwheel_1,
          v_alt_pattern_2, nicolae_vaults_rhombus_7, ontoclasm_vaults_tryst,
          minmay_crypt_entry_necro_gods, vaults_room_boxed,
          hangedman_vaults_cutoff, nicolae_vaults_double_plus_1,
          grunt_vaults_diagonal, ontoclasm_vaults_pinch,
          nicolae_vaults_offset_grid_hallway_3, layout_vaults_omnibox,
          serial_shops, shop, uniq_asterion, uniq_margery
Vaults:3: nicolae_vaults_wrenched, nicolae_vaults_trapezoid_lopsided_4,
          hangedman_vaults_corner, nicolae_vaults_double_plus_2,
          nicolae_vaults_diamond_1, hangedman_vaults_restitches, v_misc_10,
          vaults_dpeg_ring, v_misc_17, layout_vaults_big_room, serial_shops,
          nicolae_shop_statue_plus
Vaults:4: hangedman_vaults_stream, v_alt_pattern_3,
          nicolae_vaults_sightless_eye, nicolae_vaults_wine_cellar,
          vaults_room_corners, layout_vaults_omnigrid
Vaults:5: serial_shops
Crypt:1:  layout_catacombs, lemuel_nasty_fountain, grunt_crypt_arrival_split,
          uniq_jory
Crypt:2:  layout_regular_city, infiniplex_enter_wizlab_water
Crypt:3:  church_of_pain_bobbens, layout_chaotic_city, tomb_entry_simple_bobbens
Depths:1: layout_long_grid, enter_ziggurat_b, marbit_kobold_abyss_entry,
          grunt_metal_band, chequers_serial_rivers_micro_e,
          amcnicky_mini_corridor_feature, minivault_16,
          hellmonk_guarded_unrand_seven_league_boots

Skill      XL: |  1  2  3  4  5  6  7  8  9 10 11 12 13 14 15 16 17 18 19 20 21 22 23 24 25 26 |
---------------+-------------------------------------------------------------------------------+-----
Polearms       | 2 3 4 7 13 16 19 20 21 22 | 22.9
Fighting       | 4 5 6 7 9 10 11 12 13 14 15 16 17 18 19 20 21 22 | 22.1
Maces & Flails | 1 2 4 6 8 9 11 12 14 16 17 18 | 18.5
Armour         | 4 5 7 8 9 10 12 13 14 15 16 17 18 19 20 21 | 21.3
Shields        | 4 5 7 8 9 10 12 13 14 15 16 17 18 19 20 21 | 21.3
Invocations    | 3 4 5 10 11 | 11.0
Dodging        | 5 |  5.4

Action                     |  1- 3 |  4- 6 |  7- 9 | 10-12 | 13-15 | 16-18 | 19-21 | 22-24 | 25-27 || total
---------------------------+-------+-------+-------+-------+-------+-------+-------+-------+-------++-------
  Melee: Trident           |    82 |    85 |       |       |       |       |       |       |       ||   167
         Demon whip        |       |    42 |   294 |   849 |  1575 |  1052 |       |       |       ||  3812
         Trishula          |       |       |       |       |       |   909 |  2046 |  2306 |  1585 ||  6846
         Eveningstar       |       |       |       |       |       |    91 |       |       |       ||    91
 Invoke: Heroism           |       |       |       |       |    16 |    18 |    19 |    15 |     4 ||    72
         Finesse           |       |       |       |       |       |       |     2 |     4 |     2 ||     8
         Divine Shield     |       |       |       |       |       |       |       |       |     3 ||     3
         Summon Divine War |       |       |       |       |       |       |       |       |     4 ||     4
         Cleansing Flame   |       |       |       |       |       |       |       |       |     1 ||     1
    Use: Scroll            |     4 |     3 |     8 |    12 |     6 |     6 |     7 |    13 |     5 ||    64
         Potion            |       |     2 |     3 |     1 |     1 |     3 |    15 |     5 |     8 ||    38
   Stab: Distracted        |       |       |       |       |     1 |       |       |       |       ||     1
         Sleeping          |       |       |       |       |       |     2 |       |       |       ||     2
         Petrifying        |       |       |       |       |       |       |     1 |       |       ||     1
 Armour: Scale mail        |    31 |    57 |    96 |       |       |       |       |       |       ||   184
         Skin              |       |       |    22 |       |       |       |       |       |       ||    22
         Plate armour      |       |       |    22 |   234 |       |       |       |       |       ||   256
         Chain mail        |       |       |       |   248 |   536 |   412 |       |       |       ||  1196
         Crystal plate arm |       |       |       |       |       |   137 |   617 |   733 |   521 ||  2008
  Dodge: Dodged            |    28 |    44 |    87 |   239 |   490 |   796 |   318 |   359 |   260 ||  2621
  Block: Buckler           |    14 |    22 |   100 |   245 |    91 |       |       |       |       ||   472
         Kite shield       |       |       |       |       |   614 |  1051 |       |       |       ||  1665
         Reflection        |       |       |       |       |       |   218 |   206 |   103 |    88 ||   615
         Tower shield      |       |       |       |       |       |   961 |  1707 |  2351 |  1870 ||  6889
         Other             |       |       |       |       |       |     9 |       |       |       ||     9

Table legend: (Time is in decaauts)
 A = Elapsed time spent in this place.
 B = Non-inter-level travel time spent in this place.
 C = Inter-level travel time spent in this place.
 D = Time resting spent in this place.
 E = Time spent auto-exploring this place.
 F = Levels seen in this place.
 G = Mean time per level.
                   A        B        C        D        E       F      G
               +--------+--------+--------+--------+--------+-----+--------+
         Total |  54569 |  50286 |   4283 |   8007 |  28726 |  62 |  880.1 |
       Dungeon |  12295 |  10858 |   1437 |    238 |   8016 |  15 |  819.7 |
        Temple |    146 |     76 |     70 |      0 |     65 |   1 |  146.0 |
          Lair |   4682 |   3881 |    801 |    117 |   2915 |   5 |  936.4 |
        Shoals |   4274 |   4155 |    119 |    455 |   2693 |   4 | 1068.5 |
     Snake Pit |   5587 |   5011 |    576 |    677 |   2760 |   4 | 1396.8 |
    Slime Pits |   4926 |   4783 |    143 |   2501 |   1323 |   5 |  985.2 |
  Orcish Mines |   1788 |   1500 |    288 |      0 |   1032 |   2 |  894.0 |
   Elven Halls |   5072 |   4824 |    248 |   1504 |   2021 |   3 | 1690.7 |
        Vaults |   7531 |   7075 |    456 |   1078 |   4453 |   5 | 1506.2 |
         Crypt |   3845 |   3705 |    140 |    343 |   2538 |   3 | 1281.7 |
        Depths |    402 |    402 |      0 |    131 |     78 |   1 |  402.0 |
         Abyss |   1763 |   1763 |      0 |    583 |     44 |   9 |  195.9 |
      Ice Cave |    707 |    707 |      0 |    163 |    285 |   1 |  707.0 |
       Volcano |    303 |    303 |      0 |      0 |    103 |   1 |  303.0 |
        Wizlab |    462 |    462 |      0 |      0 |    273 |   1 |  462.0 |
    Desolation |    161 |    161 |      0 |      0 |      0 |   1 |  161.0 |
      Gauntlet |    617 |    617 |      0 |    216 |    126 |   1 |  617.0 |
               +--------+--------+--------+--------+--------+-----+--------+

Top non-repeatable levels by time:
Vaults:2: 2470 daAuts
   Elf:3: 2127 daAuts
   Elf:2: 1965 daAuts
 Crypt:1: 1816 daAuts
Vaults:5: 1806 daAuts
 Slime:4: 1750 daAuts
 Snake:2: 1644 daAuts
 Snake:4: 1604 daAuts
 Snake:1: 1449 daAuts
 Abyss:3: 1386 daAuts
Shoals:3: 1332 daAuts
Shoals:4: 1260 daAuts
  Lair:1: 1251 daAuts
  Lair:4: 1206 daAuts
   Orc:2: 1193 daAuts
